 Dungeon Crawl Stone Soup version 0.31-a0-1338-gb567cfdca4 (webtiles) character file.

Game seed: 13773465565862674057

4335 Curundu the Protected (level 10, -4/76 (88) HPs)
             Began as a Minotaur Berserker on Dec 22, 2023.
             Was an Elder of Trog.
             Slain by a wight
             ... wielding a +0 hand axe
              (5 damage)
             ... on level 7 of the Dungeon.
             The game lasted 00:21:02 (6556 turns).

Curundu the Protected (Minotaur Berserker)          Turns: 6556, Time: 00:21:03

HP:   -4/76 (88)    AC: 16    Str: 26    XL:     10   Next: 12%
MP:   9/9           EV: 10    Int:  4    God:    Trog [****..]
Gold: 335           SH:  5    Dex: 10    Spells: 9/9 levels left

rFire   . . .        (no weapon)
rCold   . . .        m - +0 buckler
rNeg    . . .        w - +0 chain mail
rPois   .            (helmet restricted)
rElec   .            k - +0 cloak
rCorr   .            i - +2 pair of gloves
SInv    .            (no boots)
Will    .....        (no amulet) Stlth
                     (no ring)
HPRegen 0.32/turn    (no ring)
MPRegen 0.11/turn

%: no passive effects
@: heavily drained
A: horns 2, retaliatory headbutt
a: Renounce Religion, Berserk, Trog's Hand, Brothers in Arms


You were on level 7 of the Dungeon.
You worshipped Trog.
Trog was greatly pleased with you.
You visited 1 branch of the dungeon, and saw 7 of its levels.

You collected 335 gold pieces.

Inventory:

Hand Weapons
 y - a +3 quarterstaff of chaos
Missiles
 e - 21 poisoned darts
 t - 6 javelins
 z - 8 boomerangs
Armour
 i - a +2 pair of gloves (worn)
 k - a +0 cloak (worn)
 m - a +0 buckler (worn)
 w - a +0 chain mail (worn)
Jewellery
 d - a ring of positive energy
 l - a +6 ring of intelligence
Wands
 p - a wand of paralysis (7)
 q - a wand of flame (16)
 B - a wand of iceblast (1)
Scrolls
 a - 2 scrolls of fear {unknown}
 b - a scroll of enchant armour {unknown}
 c - 5 scrolls of summoning {unknown}
 f - 2 scrolls of noise {unknown}
 g - a scroll of vulnerability {unknown}
 h - 2 scrolls of enchant weapon {unknown}
 o - 3 scrolls of identify {unknown}
 r - a scroll of torment {unknown}
 u - a scroll of blinking {unknown}
 x - a scroll of revelation {unknown}
Potions
 j - 3 potions of curing {unknown}
 n - a potion of cancellation {unknown}
 s - a potion of enlightenment {unknown}
 v - 2 potions of brilliance {unknown}
 A - a potion of degeneration {unknown}


   Skills:
 + Level 7.8 Fighting
 + Level 6.0(8.3) Axes
 + Level 9.0(9.8) Maces & Flails
 + Level 9.9 Armour
 + Level 6.0 Dodging
 + Level 1.0 Stealth
 + Level 4.9 Shields
 + Level 0.2 Unarmed Combat


You had 9 spell levels left.
You didn't know any spells.
Your spell library was empty.

Dungeon Overview and Level Annotations

Branches:
Dungeon (7/15)             Temple (0/1) D:5

Altars:
Gozag
Kikubaaqudgha

Shops:
D:6 [


Innate Abilities, Weirdness & Mutations

You have a pair of horns on your head.
You reflexively headbutt those who attack you in melee.


Message History

The wight hits you but does no damage. The wight hits you with a +4 war axe.
You completely miss the wight.
The wight is almost destroyed.
You block the wight's attack. The wight hits you with a +4 war axe.
You feel drained.
You completely miss the wight.
The wight is almost destroyed.
The wight hits you from afar with a +0 halberd!
You feel drained. The wight closely misses you.
You barely miss the wight.
The wight is almost destroyed.
The wight barely misses you. The wight hits you with a +4 war axe!
You hit the wight but do no damage.
The wight is almost destroyed.
The wight hits you but does no damage. The wight barely misses you.
You hit the wight but do no damage.
The wight is almost destroyed.
The wight hits you from afar with a +0 halberd!
The wight hits you with a +4 war axe!
* * * LOW HITPOINT WARNING * * *
You feel drained.
* * * LOW HITPOINT WARNING * * *
You hit the wight but do no damage.
The wight is almost destroyed.
You block the wight's attack. The wight hits you but does no damage.
You hit the wight.
You destroy the wight!
Trog accepts your kill.
The wight hits you from afar with a +0 halberd.
* * * LOW HITPOINT WARNING * * *
You hit the wight.
The wight is lightly damaged.
The wight closely misses you. The wight hits you with a +0 hand axe.
* * * LOW HITPOINT WARNING * * *
You feel drained.
* * * LOW HITPOINT WARNING * * *
You hit the wight but do no damage.
The wight is lightly damaged.
The wight closely misses you. The wight hits you with a +0 hand axe.
You die...

###.......######
##............# .#
#.....†.......# .#
#.............# .#
#...###......|####.###
#..†# #..............#
#....#########.###.#.#
#.....# #.###.#
#####.# #.@z..# ...
####z.# ...# #..# $...
#####..# ..#. #......#
..........#
###.....#.>#
#.....##.# #...... .#


You could see 2 wights.

Vanquished Creatures
  A boulder beetle (D:6)
  Pikel (D:7)
  Maggie (D:7)
  Grinder (D:3)
  Sigmund (D:3)
  Eustachio (D:4)
  Menkaure (D:5)
  A water moccasin (D:5)
  An orc warrior (D:6)
  4 black bears
  An ice beast (D:6)
  A sky beast (D:7)
  2 ogres
  A centaur (D:6)
  2 lemures (D:7)
  A phantom (D:5)
  2 kobold brigands (D:6)
  2 scorpions (D:4)
  3 wights (D:7)
  5 killer bees (D:6)
  2 orc priests
  3 hounds
  Crazy Yiuf (D:5)
  2 jellies
  2 orc wizards
  7 iguanas
  Robin (D:4)
  13 adders
  A shadow imp (D:7)
  3 bombardier beetles
  2 ufetubi (D:6)
  A worm (D:2)
  2 dart slugs
  14 orcs
  3 ball pythons
  8 endoplasms
  13 goblins
  8 hobgoblins
  2 quokkas
  6 bats
  4 frilled lizards
  14 kobolds
  4 rats
  A butterfly (D:5)
150 creatures vanquished.

Notes
Turn   | Place    | Note
-------+----------+-------------------------------------------
     0 | D:1      | Curundu the Minotaur Berserker began the quest for the Orb.
     0 | D:1      | Reached XP level 1. HP: 19/19 MP: 0/0
     9 | D:1      | Noticed a bullfrog
    81 | D:1      | Found a faded altar of an unknown god.
   340 | D:1      | Reached XP level 2. HP: 26/27 MP: 1/1
  1132 | D:2      | Reached XP level 3. HP: 19/33 MP: 2/2
  1804 | D:3      | Noticed Sigmund
  1818 | D:3      | Killed Sigmund
  1819 | D:3      | Reached skill level 5 in Fighting
  1819 | D:3      | Reached skill level 5 in Axes
  1819 | D:3      | Reached skill level 1 in Maces & Flails
  1819 | D:3      | Reached XP level 4. HP: 36/42 MP: 3/3
  1819 | D:3      | Reached XP level 5. HP: 41/48 MP: 4/4
  1957 | D:3      | Noticed Grinder
  1967 | D:3      | Paralysed by Grinder for 3 turns
  1980 | D:3      | Paralysed by Grinder for 3 turns
  1996 | D:3      | Killed Grinder
  1996 | D:3      | Reached ** piety under Trog
  1997 | D:3      | Reached XP level 6. HP: 36/57 MP: 5/5
  2414 | D:4      | Noticed Eustachio
  2427 | D:4      | Reached skill level 1 in Shields
  2463 | D:4      | Killed Eustachio
  2464 | D:4      | Reached skill level 5 in Armour
  2464 | D:4      | Reached XP level 7. HP: 30/62 MP: 6/6
  2760 | D:4      | Noticed Robin
  2766 | D:4      | Killed Robin
  3474 | D:5      | Entered Level 5 of the Dungeon
  3549 | D:5      | Reached XP level 8. HP: 58/71 MP: 7/7
  3811 | D:5      | Reached skill level 5 in Maces & Flails
  3821 | D:5      | Found a staircase to the Ecumenical Temple.
  3839 | D:5      | Noticed Menkaure
  3850 | D:5      | Killed Menkaure
  3850 | D:5      | Reached *** piety under Trog
  4312 | D:5      | Found a runed translucent door.
  4313 | D:5      | Noticed Crazy Yiuf
  4320 | D:5      | Killed Crazy Yiuf
  4418 | D:6      | Found Peoj's Antique Armour Shop.
  4570 | D:6      | Found an ancient bone altar of Kikubaaqudgha.
  4606 | D:6      | Reached XP level 9. HP: 59/79 MP: 8/8
  4684 | D:6      | Found an opulent altar of Gozag.
  4699 | D:6      | Reached skill level 5 in Dodging
  5438 | D:6      | Noticed a boulder beetle
  5465 | D:6      | Killed a boulder beetle
  6060 | D:7      | Noticed Pikel
  6071 | D:7      | Noticed Maggie
  6084 | D:7      | Killed Pikel
  6084 | D:7      | Reached **** piety under Trog
  6094 | D:7      | Killed Maggie
  6095 | D:7      | Reached XP level 10. HP: 40/88 MP: 9/9
  6545 | D:7      | Reached skill level 1 in Stealth
  6555 | D:7      | HP: 2/77 [wight/+0 hand axe (3)]
  6556 | D:7      | Slain by a wight

Illustrated notes

Levels and vault maps discovered:
D:1:      evilmike_arrival_come_back, layout_loops_ring,
          hellmonk_ecumenical_altar_inner_sanctum,
          amcnicky_mini_rare_corridor_liquid
D:2:      kb_forest_paths, layout_basic
D:3:      layout_basic, st_stairs_10, chequers_arboretum, nicolae_the_louvre,
          uniq_sigmund, uniq_grinder
D:4:      layout_basic, uniq_eustachio, uniq_robin
D:5:      layout_rooms, minmay_temple_entry_butterflies, serial_bayou_ford_a,
          nicolae_elevator_lobby_asterisk, uniq_crazy_yiuf_cottage,
          uniq_menkaure
D:6:      layout_basic, lemuel_tele_altar, mainiacjoe_overflow_24_doors,
          serial_shops, nicolae_shop_dealshenge
D:7:      layout_basic, uniq_maggie, uniq_pikel

Skill      XL: |  1  2  3  4  5  6  7  8  9 10 |
---------------+-------------------------------+-----
Axes           | 4 5 6 |  6.0
Fighting       | 4 5 6 7 |  7.8
Maces & Flails | 1 2 3 4 7 8 9 |  9.0
Armour         | 3 4 5 7 9 |  9.9
Shields        | 1 2 3 4 |  4.9
Dodging        | 3 4 6 |  6.0
Stealth        | 1 |  1.0
Unarmed Combat | |  0.2

Action                     |  1- 3 |  4- 6 |  7- 9 | 10-12 || total
---------------------------+-------+-------+-------+-------++-------
  Melee: Hand axe          |    53 |       |       |       ||    53
         Headbutt          |    11 |    14 |    64 |    11 ||   100
         Whip              |    12 |    67 |   333 |       ||   412
         Unarmed           |       |       |       |    46 ||    46
 Invoke: Trog's Hand       |       |       |     1 |       ||     1
    Use: Potion            |       |       |     1 |       ||     1
 Armour: Ring mail         |    37 |    48 |    36 |       ||   121
         Chain mail        |       |       |   191 |    32 ||   223
  Dodge: Dodged            |    37 |    33 |   146 |    16 ||   232
  Block: Buckler           |     3 |    16 |    55 |     8 ||    82

Table legend: (Time is in decaauts)
 A = Elapsed time spent in this place.
 B = Non-inter-level travel time spent in this place.
 C = Inter-level travel time spent in this place.
 D = Time resting spent in this place.
 E = Time spent auto-exploring this place.
 F = Levels seen in this place.
 G = Mean time per level.
                   A        B        C        D        E       F      G
               +--------+--------+--------+--------+--------+-----+--------+
         Total |   6487 |   6486 |      1 |    439 |   4080 |   7 |  926.7 |
       Dungeon |   6487 |   6486 |      1 |    439 |   4080 |   7 |  926.7 |
               +--------+--------+--------+--------+--------+-----+--------+

Top non-repeatable levels by time:
     D:6: 1530 daAuts
     D:4: 1123 daAuts
     D:2: 1030 daAuts
     D:5: 850 daAuts
     D:1: 777 daAuts
     D:3: 614 daAuts
     D:7: 561 daAuts
